 Dungeon Crawl Stone Soup version 0.17-a0-1954-g0dddeaa (webtiles) character file.

581 Kusio the Basher (level 7, 0/70 HPs)
             Began as an Ogre Berserker on Oct 4, 2015.
             Was a Priest of Trog.
             Slain by an orc
             ... wielding a +0 club
              (3 damage)
             ... on level 5 of the Dungeon.
             The game lasted 00:03:44 (2852 turns).

Kusio the Basher (Ogre Berserker)                   Turns: 2852, Time: 00:03:44

Health: 0/70       AC:  8    Str: 24    XL:     7   Next: 36%
Magic:  7/7        EV: 10    Int:  6    God:    Trog [***...]
Gold:   258        SH:  0    Dex: 10    Spells: 0 memorised, 6 levels left

rFire  . . .     SeeInvis .     q - +2 mace (protect)
rCold  . . .     Clarity  .     b - +0 animal skin
rNeg   . . .     SustAt   .     (no shield)
rPois  .         Gourm    +     (helmet restricted)
rElec  .         Spirit   .     (no cloak)
rCorr  .         Warding  .     (gloves unavailable)
rMut   .         Stasis   .     (boots unavailable)
MR     .....                    p - amulet of the gourmand
Stlth  +.........               (no ring)
                                (no ring)

@: lethally poisoned (0 -> -2), exhausted, slowed, very slow, not resistant to
hostile enchantments, very unstealthy
A: unfitting armour, tough skin 1
a: Burn Spellbooks, Berserk, Trog's Hand, Renounce Religion


You were on level 5 of the Dungeon.
You worshipped Trog.
Trog was most pleased with you.
You were near starving.

You visited 1 branch of the dungeon, and saw 5 of its levels.

You collected 258 gold pieces.

Inventory:

Hand weapons
 q - a +2 mace of protection (weapon)
Missiles
 k - 16 tomahawks (quivered)
 y - 12 poisoned needles
Armour
 b - a +0 animal skin (worn)
Jewellery
 p - an amulet of the gourmand (around neck)
 w - an uncursed amulet of resist mutation
Magical devices
 v - a wand of digging (8)
Scrolls
 h - a scroll of enchant armour {unknown}
 i - 4 scrolls of remove curse {unknown}
 j - a scroll of fear {unknown}
 l - 4 scrolls of identify {unknown}
 m - 2 scrolls of magic mapping {unknown}
 n - a scroll of amnesia {unknown}
 s - a scroll of random uselessness {unknown}
 t - a scroll of fog {unknown}
 x - a scroll of enchant weapon {unknown}
Potions
 d - 2 potions of lignification {unknown}
 e - 2 potions of mutation {unknown}
 g - a potion of might {unknown}
 o - a potion of magic {unknown}
 r - a potion of invisibility {unknown}
 u - 2 potions of degeneration {unknown}
Comestibles
 a - a beef jerky
 c - 2 bread rations
 f - a meat ration


   Skills:
 - Level 4.0 Fighting
 + Level 10.7 Maces & Flails
 - Level 2.6 Dodging


You had 6 spell levels left.
You didn't know any spells.

Dungeon Overview and Level Annotations

Branches:
Dungeon (5/15)
 Temple: D:4-7

Altars:
Elyvilon
Nemelex Xobeh


Innate Abilities, Weirdness & Mutations

You are too large for most types of armour.
You have tough skin (AC +1).


Message History

The centaur is almost dead.
You feel sick. The centaur hits you.
* * * LOW HITPOINT WARNING * * *
The centaur closely misses you.
You hit the centaur but do no damage.
The centaur is almost dead.
You feel sick. The centaur hits you.
* * * LOW HITPOINT WARNING * * *
The centaur hits you.
* * * LOW HITPOINT WARNING * * *
Drink which item? (? for menu, Esc to quit)
Okay, then.
You hit the centaur.
You kill the centaur!
Trog accepts your kill.
You hit the orc.
The orc is severely wounded.
* * * LOW HITPOINT WARNING * * *
You feel sick. The orc hits you with a club.
You die...

# #######...#
#.......#
###.#####.#
#...o@.(#
###.#.###(#.#
#.......(...#
#.#.#########.
#.#...........
#.....########
#######.#
#.......#
#.......#


You could see an orc.

Vanquished Creatures
  The ghost of Herrn the Skirmisher, an average NaFi (D:5)
  A centaur (D:5)
  A scorpion (D:5)
  2 orc priests (D:3)
  A hound (D:4)
  A giant frog skeleton (D:4)
  An adder (D:2)
  4 gnolls (D:2)
  An ooze (D:3)
  A worm (D:2)
  5 orcs (D:3)
  7 bats
  6 giant cockroaches
  7 hobgoblins
  2 kobolds
  A quokka (D:2)
  A ball python (D:1)
  2 giant geckos
  6 giant newts
  4 goblins
  3 jackals (D:1)
  6 rats
64 creatures vanquished.

Notes
Turn   | Place    | Note
--------------------------------------------------------------
     0 | D:1      | Kusio the Ogre Berserker began the quest for the Orb.
     0 | D:1      | Reached XP level 1. HP: 24/24 MP: 1/1
   312 | D:1      | Found a sparkling altar of Nemelex Xobeh.
   363 | D:1      | Reached XP level 2. HP: 30/32 MP: 2/2
   586 | D:1      | Reached skill level 5 in Maces & Flails
   990 | D:2      | Found a white marble altar of Elyvilon.
  1005 | D:2      | Reached XP level 3. HP: 39/39 MP: 3/3
  1006 | D:2      | Acquired Trog's second power
  1008 | D:2      | Reached skill level 6 in Maces & Flails
  1010 | D:2      | Reached XP level 4. HP: 48/48 MP: 4/4
  1631 | D:3      | Reached skill level 7 in Maces & Flails
  1642 | D:3      | Reached XP level 5. HP: 41/54 MP: 5/5
  1924 | D:3      | Reached skill level 8 in Maces & Flails
  2488 | D:4      | Reached XP level 6. HP: 58/62 MP: 6/6
  2797 | D:5      | Entered Level 5 of the Dungeon
  2817 | D:5      | Noticed Herrn's ghost (average NaFi)
  2826 | D:5      | Killed Herrn's ghost
  2826 | D:5      | Reached skill level 10 in Maces & Flails
  2826 | D:5      | Reached XP level 7. HP: 70/70 MP: 7/7
  2850 | D:5      | HP: 3/70 [centaur (6)]
  2852 | D:5      | Slain by an orc

Vault maps used:
D:1:      matt_arrival_diagonals, nemelex_xobeh_ov_fountains_minmay
D:2:      elyvilon_altar_3, first_bread, kennysheep_another_room

Action                   |  1- 3 |  4- 6 |  7- 9 || total
-------------------------+-------+-------+-------++-------
Melee: Mace              |    65 |   117 |    14 ||   196
Throw: Tomahawk          |       |     1 |       ||     1
Invok: Berserk           |     1 |     2 |       ||     3
 Stab: Sleeping          |       |     1 |       ||     1
  Eat: Chunk             |       |     8 |       ||     8
